cohdb
Replays
Latest Replays
All Replays
Popular Replays
Top Player Replays
Match Explorer
How It Works
Community
CoH3 Stats
Reddit
Sign in to upload your games and track your stats! →
Sign in with Steam
Match 37604353
Unlisted
Match 37604353
Overview
Messages
Build Orders
End
Construct Infanterie Kompanie
Selects Luftwaffe Battlegroup
Selects Luftwaffe Pioneer Support
Fallschirmpioneer Squad Paradrop
MG 42 Machine Gun Team
Grenadier Squad
Fallschirmpioneer Squad Paradrop
Construct Panzergrenadier Kompanie
Selects Stuka Strafing Run
Pak 40 Anti-tank Gun Team
Selects Fallschirmjäger Squad Paradrop
MG 42 Machine Gun Team
Panzergrenadier Squad
Stuka Strafing Run
Fallschirmpioneer Squad Paradrop
Support Elements
企鹅爱子
探路者
森海飞霞
光荣革命
Spriggan
BooralKing
NorthBrown
Mith
0
0
Comments
sign in to comment!
No comments posted yet!